AoeStats
← Umdeuter

Arabia

508749376Analyzed
1v1 RM · 7d ago on Sep 23, 2026· 32m 15s· 2 players
Game mode
Random Map
Map size
Tiny (2 player)
Population
200
Speed
Normal
Resources
Standard
Victory
Conquest
Starting age
Dark Age
Ending age
Imperial Age
RankedLock teamsTeams togetherTeam positionsShared explorationLock speedFull tech treeHidden civsTurbo modeCheats
Victory
Defeat
🇮🇳 Vikings · India
1856
+20
🇩🇪 Byzantines · Germany
1936
-20
BSL | Hedge Knight
6:25 Loom
9:10 Feudal Age
9:38 Man-at-Arms
11:02 Double-Bit Axe
12:23 Horse Collar
21:38 Castle Age
20:28 Scale Mail Armor
21:12 Fletching
21:56 Long Swordsman
22:44 Squires
23:34 Arson
29:47 Chain Mail Armor
Umdeuter
6:20 Loom
8:51 Feudal Age
10:40 Double-Bit Axe
16:02 Fletching
20:17 Castle Age
18:47 Gold Mining
18:59 Horse Collar
19:36 Scale Mail Armor
21:28 Chain Mail Armor
24:39 Wheelbarrow
25:35 Fletching
27:39 Guard Tower
31:02 Bodkin Arrow
Connection lost

Rejoining the realm…

Still unreachable

The connection could not be restored.

Session expired

The server has moved on; the page needs a fresh start.